 Dungeon Crawl Stone Soup version 0.29.0-4-gdea44cf6ec (webtiles) character file.

Game seed: 7884353922390935111

150 qw the Chopper (level 5, -1/30 HPs)
             Began as a Tengu Warper on Aug 28, 2022.
             Succumbed to a scorpion's poison
             ... on level 3 of the Dungeon.
             The game lasted 00:00:13 (2526 turns).

qw the Chopper (Tengu Warper)                       Turns: 2526, Time: 00:00:14

Health: -1/30      AC:  5    Str: 14    XL:     5   Next: 32%
Magic:  1/9        EV: 13    Int: 13    God:
Gold:   121        SH:  0    Dex: 13    Spells: 8/8 levels left

rFire   . . .      SeeInvis .   Y - +0 hand axe
rCold   . . .      Faith    .   (no shield)
rNeg    . . .      Spirit   +   f - +0 ring mail
rPois   +          Reflect  .   (helmet restricted)
rElec   .          Harm     .   (no cloak)
rCorr   .          Rampage  .   (no gloves)
Will    .....                   (boots unavailable)
Stlth   +.........              g - amulet of guardian spirit
HPRegen 0.10/turn               j - ring of poison resistance
MPRegen 0.11/turn               (no ring)

@: lethally poisoned (-1 -> -17), flying quickly and evasively, quick
A: beak, talons 3, nimble flight
a: no special abilities


You were on level 3 of the Dungeon.
You visited 1 branch of the dungeon, and saw 3 of its levels.

You collected 160 gold pieces.
You spent 39 gold pieces at shops.


Innate Abilities, Weirdness & Mutations

You have a beak for a mouth.
You have claws for feet.
Your magical nature lets you fly swiftly and evasively.


   Skills:
 - Level 2.0 Fighting
 + Level 5.9 Axes
 - Level 1.0 Throwing
 - Level 1.1 Armour
 - Level 2.1 Dodging
 - Level 2.0 Spellcasting
 - Level 2.4 Translocations


You had 8 spell levels left.
You didn't know any spells.
Your spell library contained the following spells:

 Spells                   Type           Power      Damage    Failure   Level
 Blink                    Tloc           14%        N/A       30%         2
 Gell's Gravitas          Tloc           7%         N/A       52%         3
 Lesser Beckoning         Tloc           7%         N/A       52%         3
 Teleport Other           Tloc           7%         N/A       52%         3
 Manifold Assault         Tloc           7%         N/A       99%         5

Inventory:

Hand Weapons
 i - a +0 mace
 Y - a +0 hand axe (weapon)
Armour
 f - a +0 ring mail (worn)
Jewellery
 g - an amulet of guardian spirit (around neck)
 j - a ring of poison resistance (left hand)
Scrolls
 c - 2 scrolls of identify
Potions
 a - a potion of curing {unknown}
 d - a potion of berserk rage {unknown}
 k - a potion of haste {unknown}

Dungeon Overview and Level Annotations

Branches:
Dungeon (3/15)

Altars:
Makhleb

Shops:
D:1 (

Annotations:
D:3 Jessica


Message History

You now have 107 gold pieces (gained 15).
You now have 121 gold pieces (gained 14).
As you open the door, it creaks loudly!
A scorpion comes into view.
You hear a shout!
Jessica the Apprentice Sorceress comes into view.
She is wielding a +0 club.
Enter note:
Enter note:
There is an open door here.
Jessica gestures wildly while chanting.
Jessica seems to speed up.
The scorpion stings you.
You are poisoned.
The scorpion poisons you!
You hit the scorpion. You claw the scorpion.
The scorpion is heavily wounded.
You feel very sick. The scorpion closely misses you.
You hit the scorpion but do no damage. You claw the scorpion.
The scorpion is severely wounded.
You feel sick. The scorpion closely misses you.
You hit the scorpion. Your kick misses the scorpion.
The scorpion is almost dead.
You hit Jessica.
You feel very sick. Jessica casts a spell at you.
Pain shoots through your body! The scorpion barely misses you.
Jessica hits you but does no damage. The scorpion stings you.
You are more poisoned.
The scorpion poisons you!
You closely miss the scorpion. You claw the scorpion.
You kill the scorpion!
You barely miss Jessica.
You feel very sick. Jessica gestures at you while chanting.
You barely resist.
You have reached level 5!
Your magical nature develops, letting you fly swiftly and evasively.
You hit Jessica.
Jessica is heavily wounded.
You die...

##################
.................#
################.#
#.# #######'####
.......@...#
...#..@%...#
##......#
#........ ####
#......### ....
#....... ....
.......## ####
###.##...


You could see Jessica (fast).

Vanquished Creatures
  A scorpion (D:3)
  An orc wizard (D:3)
  An adder (D:1)
  A worm (D:2)
  2 dart slugs
  3 orcs (D:3)
  4 ball pythons
  5 bats
  2 endoplasms
  5 giant cockroaches
  6 goblins
  2 hobgoblins (D:2)
  3 jackals (D:1)
  4 kobolds
  2 quokkas (D:2)
  5 frilled lizards
  3 rats (D:2)
50 creatures vanquished.

Notes
Turn   | Place    | Note
-------+----------+-------------------------------------------
     0 | D:1      | qw the Tengu Warper began the quest for the Orb.
     0 | D:1      | Reached XP level 1. HP: 12/12 MP: 4/4
     0 | D:1      | 0 ||| qw: Version: 0.1-a-89-g26bdef1
     0 | D:1      | 0 ||| qw: Game counter: 916
     0 | D:1      | 0 ||| qw: Always use a shield: true
     0 | D:1      | 0 ||| qw: God list: Okawaru
     0 | D:1      | 0 ||| qw: Allow faded altars: false
     0 | D:1      | 0 ||| qw: Do Orc after D:15 true
     0 | D:1      | 0 ||| qw: Do second Lair branch before Depths: true
     0 | D:1      | 0 ||| qw: Lair rune preference: random
     0 | D:1      | 0 ||| qw: Plans: Normal
     0 | D:1      | 0 ||| PLANNING D:1-11
   166 | D:1      | Found a faded altar of an unknown god.
   170 | D:1      | 170 ||| Stepping ~*~*~tactically~*~*~ (stealth).
   171 | D:1      | 171 ||| Stepping ~*~*~tactically~*~*~ (stealth).
   172 | D:1      | 172 ||| Stepping ~*~*~tactically~*~*~ (stealth).
   173 | D:1      | 173 ||| Stepping ~*~*~tactically~*~*~ (stealth).
   178 | D:1      | 178 ||| Stepping ~*~*~tactically~*~*~ (stealth).
   180 | D:1      | 180 ||| Stepping ~*~*~tactically~*~*~ (stealth).
   187 | D:1      | Reached XP level 2. HP: 17/17 MP: 6/6
   206 | D:1      | Reached skill level 3 in Axes
   418 | D:1      | Found Kuysid's Weapon Shop.
   426 | D:1      | 426 ||| BUYING +0 mace (39 gold).
   426 | D:1      | Bought a +0 mace for 39 gold pieces
   426 | D:1      | 426 ||| SHOPLISTING +2 war axe of draining (237 gold, have
                  | 6).
   426 | D:1      | 426 ||| DROPPING +0 club.
   687 | D:1      | 687 ||| Stepping ~*~*~tactically~*~*~ (hiding).
   797 | D:1      | Reached XP level 3. HP: 21/21 MP: 7/7
  1093 | D:1      | 1093 ||| UPGRADING to +0 ring mail.
  1103 | D:1      | 1103 ||| DROPPING +0 leather armour.
  1104 | D:1      | 1104 ||| DROPPING ring of wizardry.
  1105 | D:1      | 1105 ||| UPGRADING to ring of poison resistance.
  1106 | D:1      | 1106 ||| READING scroll labelled ELAHIF SIFEFE.
  1107 | D:1      | 1107 ||| READING scroll labelled JIYRRA JIGA.
  1108 | D:1      | 1108 ||| DRINKING 2 smoky amethyst potions.
  1109 | D:1      | 1109 ||| DROPPING scroll of blinking.
  1110 | D:1      | 1110 ||| DROPPING potion of attraction.
  1134 | D:2      | 1134 ||| STAIRDANCE
  1143 | D:1      | Reached skill level 4 in Axes
  1483 | D:2      | Found a burning altar of Makhleb.
  1735 | D:2      | 1735 ||| Stepping ~*~*~tactically~*~*~ (stealth).
  1951 | D:2      | 1951 ||| Stepping ~*~*~tactically~*~*~ (hiding).
  1962 | D:2      | Reached XP level 4. HP: 25/26 MP: 8/8
  2240 | D:2      | 2240 ||| UPGRADING to amulet of guardian spirit.
  2245 | D:2      | 2245 ||| READING scroll labelled CUSOCSAYKI.
  2246 | D:2      | 2246 ||| READING scroll labelled BOS RIM SASCH.
  2249 | D:2      | 2249 ||| READING scroll labelled WIS IL XOUM.
  2350 | D:3      | Reached skill level 5 in Axes
  2519 | D:3      | Noticed a scorpion
  2519 | D:3      | Noticed Jessica
  2524 | D:3      | HP: 5/26 [scorpion (2)]
  2525 | D:3      | Killed a scorpion
  2525 | D:3      | HP: 1/26 [poisoned by a scorpion]
  2526 | D:3      | Gained mutation: Your magical nature lets you fly swiftly
                  | and evasively. [Tengu growth]
  2526 | D:3      | Reached XP level 5. HP: 1/30 MP: 1/9
  2526 | D:3      | Succumbed to a scorpion's poison

Levels and vault maps discovered:
D:1:      heliophobic_arrival_glass_houses, layout_basic, serial_shops, shop,
          chequers_ecumenical_altar_simple_redux, ebering_dispersal_statue_hall
D:2:      layout_basic, basic_altar, kennysheep_generic_room_8
D:3:      wad_crossroads, layout_basic, lemuel_coloured_pillars_altar,
          mainiacjoe_overflow_alcove_1, uniq_robin, uniq_sigmund, uniq_grinder,
          uniq_jessica

Skill      XL: |  1  2  3  4 |
---------------+-------------+-----
Axes           | 3 4 5 |  5.9
Fighting       | |  2.0
Throwing       | |  1.0
Armour         | |  1.1
Dodging        | |  2.1
Spellcasting   | |  2.0
Translocations | |  2.4

Action                   |  1- 3 |  4- 6 || total
-------------------------+-------+-------++-------
Melee: Hand axe          |    90 |    29 ||   119
       Kick              |    20 |     9 ||    29
       Peck              |     9 |     5 ||    14
       Punch             |     4 |       ||     4
Throw: Boomerang         |     7 |       ||     7
  Use: Scroll            |     2 |     3 ||     5
       Potion            |     1 |       ||     1
Armor: Leather armour    |    12 |       ||    12
       Ring mail         |    11 |     6 ||    17
Dodge: Dodged            |    53 |    11 ||    64

Table legend:
 A = Non-vault XP
 B = Vault XP
 C = Vault XP percentage of total XP
 D = Non-vault monster count
 E = Vault monster count
 F = Vault count percentage of total count
                 A         B        C        D         E       F
            +---------+---------+-------+---------+---------+-------
      Total |     210 |       5 |   2.3 |      47 |       3 |   6.0
            +---------+---------+-------+---------+---------+-------
        D:1 |      50 |       0 |   0.0 |      21 |       0 |   0.0
        D:2 |      36 |       3 |   7.7 |      19 |       2 |   9.5
        D:3 |     124 |       2 |   1.6 |       7 |       1 |  12.5
            +---------+---------+-------+---------+---------+-------
